 Dungeon Crawl Stone Soup version 0.30-a0-170-g85af917532 (webtiles) character file.

Game seed: 11897242923182752102

48804 qw the Cleaver (level 14, -12/90 HPs)
             Began as a Gargoyle Fighter on Sept 30, 2022.
             Was an Elder of Okawaru.
             Mangled by a dire elephant (18 damage)
             ... on level 5 of the Lair of Beasts.
             The game lasted 00:07:36 (18878 turns).

qw the Cleaver (Gargoyle Fighter)                  Turns: 18878, Time: 00:07:37

Health: -12/90     AC: 39    Str: 29    XL:     14   Next: 48%
Magic:  21/21      EV:  9    Int: 11    God:    Okawaru [****..]
Gold:   585        SH: 13    Dex:  9    Spells: 13/13 levels left

rFire   + . .      SeeInvis .    Y - +1 war axe (venom)
rCold   . . .      Faith    .    t - +0 kite shield
rNeg    + . .      Spirit   .    k - +0 plate armour
rPois   inf        Reflect  .    p - +2 hat {Will+}
rElec   +          Harm     .    f - +1 cloak
rCorr   .          Rampage  .    h - +2 pair of gloves
Will    ++...                    e - +2 pair of boots
Stlth   ..........               (no amulet)
HPRegen 0.25/turn                c - +6 ring of strength
MPRegen 0.17/turn                m - ring of protection from fire

@: heroic, flying
A: sickness immunity, AC +10, big wings, negative energy resistance 1,
electricity resistance, torment resistance 1, petrification resistance
a: Renounce Religion, Heroism, Finesse


You were on level 5 of the Lair of Beasts.
You worshipped Okawaru.
Okawaru was greatly pleased with you.
You visited 3 branches of the dungeon, and saw 16 of its levels.

You collected 834 gold pieces.
You spent 249 gold pieces at shops.


Innate Abilities, Weirdness & Mutations

You are immune to sickness and miasma.
Your stone body is resilient. (AC +10)
You are immune to poison.
Your large and strong wings let you fly.
You resist negative energy. (rN+)
You are resistant to electric shocks. (rElec)
You are resistant to unholy torment.
You are immune to petrification.


   Skills:
 - Level 11.0(16.0) Fighting
 + Level 14.9(19.9) Axes
 - Level 2.1(7.1) Throwing
 - Level 10.0(15.0) Armour
 - Level 2.1(7.1) Dodging
 - Level 12.0(17.0) Shields
 - Level 10.0 Invocations


You had 13 spell levels left.
You didn't know any spells.
Your spell library was empty.

Inventory:

Hand Weapons
 v - a +0 flail
 Y - a +1 war axe of venom (weapon)
Missiles
 b - 17 boomerangs (quivered)
Armour
 e - a +2 pair of boots (worn)
 f - a +1 cloak (worn)
 h - a +2 pair of gloves (worn)
 k - a +0 plate armour (worn)
 l - the +1 pair of boots of the Clam {Harm}
   (Okawaru gifted it to you on level 5 of the Lair of Beasts)

   Harm:      It increases damage dealt and taken.
 p - a +2 hat of willpower (worn)
 t - a +0 kite shield (worn)
 u - a +4 ring mail of fire resistance
 y - the +0 fire dragon scales "Ucahy" {rF++ rC- Str+2}
   (Okawaru gifted it to you on level 5 of the Lair of Beasts)

   Str:       It affects your strength (+2).
   rF:        It greatly protects you from fire.
   rC:        It makes you vulnerable to cold.
Jewellery
 c - a +6 ring of strength (left hand)
 m - a ring of protection from fire (right hand)
 w - a +1 ring of protection
 x - a ring of protection from fire
Scrolls
 j - 6 scrolls of identify
Potions
 a - 8 potions of curing
 d - 3 potions of might
 g - 4 potions of haste
 i - 2 potions of magic
 n - a potion of cancellation
 o - 3 potions of resistance
 q - a potion of attraction
 s - 3 potions of mutation

Dungeon Overview and Level Annotations

Branches:
Dungeon (10/15)            Temple (1/1) D:4            Lair (5/5) D:10
 Shoals (0/4) Lair:3        Snake (0/4) Lair:3        Slime (0/5) Lair:4
    Orc: D:9-12

Altars:
Ashenzari
Cheibriados
Dithmenos
Elyvilon
Fedhas
Gozag
Hepliaklqana
Kikubaaqudgha
Makhleb
Nemelex Xobeh
Okawaru
Qazlal
Ru
Sif Muna
Trog
Uskayaw
Vehumet
Wu Jian
Xom
Yredelemnul
Zin
The Shining One

Shops:
D:2 (   D:3 =   D:6 [   D:7 *

Annotations:
D:3 2 transporters, qw's ghost, amateur GrFi
D:7 2 transporters, 1 runed translucent door, Crazy Yiuf
D:10 1 runed translucent door


Message History

The dire elephant barely misses you.
The dire elephant trunk-slaps you but does no damage.
You block the dire elephant's attack.
The dire elephant trunk-slaps you but does no damage.
Your life force feels restored.
You slash the dire elephant!
The dire elephant looks as sick as possible!
The dire elephant is severely wounded.
You hit the dire elephant.
The dire elephant looks as sick as possible!
The dire elephant tramples you but does no damage.
The dire elephant trunk-slaps you but does no damage.
The dire elephant closely misses you.
The dire elephant trunk-slaps you but does no damage.
You hit the dire elephant but do no damage.
The dire elephant is severely wounded.
You hit the dire elephant.
The dire elephant looks as sick as possible!
You block the dire elephant's attack. x2; The dire elephant tramples you.
You hold your ground!
The dire elephant closely misses you.
You slash the dire elephant!
The dire elephant is severely wounded.
You hit the dire elephant.
The dire elephant looks as sick as possible!
The dire elephant tramples you but does no damage.
The dire elephant trunk-slaps you but does no damage.
The dire elephant tramples you!
You hold your ground!
You block the dire elephant's attack.
You hit the dire elephant.
The dire elephant looks as sick as possible!
The dire elephant is severely wounded.
You barely miss the dire elephant. You hit the dire elephant.
The dire elephant looks as sick as possible!
The dire elephant is almost dead.
You slice the dire elephant!!
The dire elephant looks as sick as possible!
You block the dire elephant's attack. The dire elephant trunk-slaps you.
The dire elephant tramples you!!
You die...

####### 77##...#.# ##77........##
#.7.........P## ##.....#.#..#..#
#P..77####''#''#### ## #7.77
#8..#...@8##.~~##8...8##. ##'##
#P..#...YYZ..~~~'...[:#8. ##)##
#.#.####.8#.~~~~'.pp?$#[$ #####
#+#....#### ~~~~#8YYY8#![ ####8F
####...P# ~~.#######8Y # F...
####.### .###8P8###p ## 8..P.P
#777##P..#####8P}.8### ###
#######7...P###..............
..#######7...P...7########'''####


You could see 2 dire elephants and a spectral anaconda.

Vanquished Creatures
  Gastronok (D:10)
  A dire elephant (Lair:5)
  Harold (D:10)
  3 hydras (Lair:5)
  2 catoblepae (Lair:5)
  A boulder beetle (Lair:5)
  A two-headed ogre (D:10)
  An ogre mage (D:10)
  12 death yaks
  2 spectral death yaks (Lair:5)
  An obsidian statue (Lair:5)
  A necromancer (Lair:5)
  An oklob plant (Lair:2)
  4 black mambas
  9 elephants
  Joseph (D:8)
  10 cane toads
  Maggie (D:7)
  10 komodo dragons
  4 rime drakes
  2 trolls
  A polar bear (Lair:1)
  2 hornets
  17 blink frogs
  Sigmund (D:2)
  4 basilisks
  49 yaks
  2 wraiths
  3 wyverns
  A vampire mosquito (D:6)
  Grum (D:8)
  A steam dragon (D:10)
  6 nagas (Lair:3)
  13 water moccasins
  Duvessa (D:5)
  An orc warrior (D:6)
  An ice beast (D:6)
  2 sky beasts (D:7)
  2 black bears
  13 wolves
  4 centaurs
  3 ogres
  3 phantoms
  2 kobold brigands
  12 bullfrogs
  Blork the orc (D:4)
  A gnoll sergeant (D:7)
  8 necrophages
  2 scorpions
  8 wights
  Dowan (D:5)
  An elephant simulacrum (Lair:5)
  11 killer bees
  2 howler monkeys
  4 hounds
  7 orc priests
  8 iguanas
  10 orc wizards
  Natasha (thrice) (D:2)
  5 hell rats (Lair:5)
  8 gnolls
  8 adders
  2 shadow imps
  2 white imps
  An ufetubus (D:5)
  3 worms
  7 dart slugs
  27 orcs
  5 bats
  2 endoplasms
  6 giant cockroaches (D:1)
  7 goblins
  7 hobgoblins
  6 jackals
  16 kobolds
  4 quokkas
  9 ball pythons
  A frilled lizard (D:2)
  5 rats
  2 rat zombies (D:6)
414 creatures vanquished.

Vanquished Creatures (others)
  24 fungi
  43 plants
  30 withered plants
97 creatures vanquished.

Grand Total: 511 creatures vanquished

Notes
Turn   | Place    | Note
-------+----------+-------------------------------------------
     0 | D:1      | qw the Gargoyle Fighter began the quest for the Orb.
     0 | D:1      | Reached XP level 1. HP: 14/14 MP: 1/1
     0 | D:1      | 0 ||| qw: Version: 0.2-a-12-gaebbb33
     0 | D:1      | 0 ||| qw: Game counter: 1443
     0 | D:1      | 0 ||| qw: Always use a shield: true
     0 | D:1      | 0 ||| qw: God list: Okawaru
     0 | D:1      | 0 ||| qw: Allow faded altars: false
     0 | D:1      | 0 ||| qw: Do Orc after D:15 true
     0 | D:1      | 0 ||| qw: Do second Lair branch before Depths: true
     0 | D:1      | 0 ||| qw: Lair rune preference: random
     0 | D:1      | 0 ||| qw: Plans: Normal, Zot:1-4, God:TSO, Crypt, Tomb,
                  | Pan, Slime:5, Hells, Abyss, Orb
     0 | D:1      | 0 ||| PLANNING D:1-11
    22 | D:1      | 22 ||| Stepping ~*~*~tactically~*~*~ (hiding).
    29 | D:1      | Reached skill level 2 in Axes
   139 | D:1      | Reached XP level 2. HP: 19/19 MP: 2/2
   477 | D:1      | Reached skill level 3 in Axes
   566 | D:1      | Reached XP level 3. HP: 23/23 MP: 3/3
   593 | D:1      | 593 ||| Stepping ~*~*~tactically~*~*~ (hiding).
   627 | D:1      | 627 ||| DROPPING +0 club.
   674 | D:1      | 674 ||| Stepping ~*~*~tactically~*~*~ (stealth).
  1042 | D:1      | 1042 ||| UPGRADING to +2 pair of boots.
  1047 | D:1      | 1047 ||| UPGRADING to +0 cloak.
  1052 | D:1      | 1052 ||| DROPPING scarf of shadows.
  1053 | D:1      | 1053 ||| READING scroll labelled GIONGA GUNUPTE.
  1054 | D:1      | 1054 ||| DROPPING +0 mace.
  1055 | D:1      | 1055 ||| READING scroll labelled IVVUALO LAAJU.
  1106 | D:2      | Found a faded altar of an unknown god.
  1114 | D:2      | 1114 ||| STAIRDANCE
  1124 | D:2      | Identified the +2 dagger "Uxioqe" {flame, Drain +Blink
                  | rElec Int+6}
  1268 | D:2      | Reached XP level 4. HP: 28/28 MP: 4/4
  1301 | D:2      | Noticed Natasha
  1306 | D:2      | Killed Natasha
  1307 | D:2      | Reached skill level 4 in Axes
  1481 | D:2      | Found Xedunica's Weapon Emporium.
  1487 | D:2      | 1487 ||| SHOPLISTING +7 broad axe of Wyrd {speed, Int+5}
                  | (645 gold, have 42).
  1601 | D:2      | Noticed Natasha
  1602 | D:2      | 1602 ||| Stepping ~*~*~tactically~*~*~ (stealth).
  1606 | D:2      | Killed Natasha
  1607 | D:2      | Reached XP level 5. HP: 32/32 MP: 5/5
  1647 | D:2      | Noticed Sigmund
  1648 | D:2      | 1648 ||| Stepping ~*~*~tactically~*~*~ (hiding).
  1662 | D:2      | Killed Sigmund
  1663 | D:2      | Reached skill level 5 in Axes
  1663 | D:2      | Reached XP level 6. HP: 24/37 MP: 6/6
  1973 | D:2      | Noticed Natasha
  1974 | D:2      | 1974 ||| Stepping ~*~*~tactically~*~*~ (hiding).
  1988 | D:2      | Killed Natasha
  2225 | D:2      | 2225 ||| READING scroll labelled KENIET JEFOU.
  2226 | D:2      | 2226 ||| READING scroll labelled GIMPET WASTRIUDD.
  2227 | D:2      | 2227 ||| READING 3 scrolls labelled IWNENT FETA.
  2228 | D:2      | 2228 ||| READING scroll labelled BEDWYC MUEXU.
  2229 | D:2      | 2229 ||| DROPPING 2 scrolls of immolation.
  2243 | D:3      | Found a sparkling altar of Nemelex Xobeh.
  2300 | D:3      | Found Aticzavo's One-of-a-Kind Rings.
  2305 | D:3      | 2305 ||| BUYING +1 ring of protection (39 gold).
  2305 | D:3      | Bought a +1 ring of protection for 39 gold pieces
  2305 | D:3      | 2305 ||| SHOPLISTING +10 ring of dexterity (1183 gold, have
                  | 33).
  2305 | D:3      | 2305 ||| SHOPLISTING +2 ring of slaying (273 gold, have
                  | 33).
  2305 | D:3      | 2305 ||| SHOPLISTING +3 ring of dexterity (130 gold, have
                  | 33).
  2305 | D:3      | 2305 ||| SHOPLISTING ring "Zodghytoh" {Fly rElec rC+ Will+}
                  | (625 gold, have 33).
  2305 | D:3      | 2305 ||| SHOPLISTING ring of the Ladybird {rPois Str+3}
                  | (432 gold, have 33).
  2362 | D:3      | Found a hazy altar of Hepliaklqana.
  2395 | D:3      | 2395 ||| Stepping ~*~*~tactically~*~*~ (stealth).
  2396 | D:3      | 2396 ||| Stepping ~*~*~tactically~*~*~ (stealth).
  2430 | D:3      | 2430 ||| Stepping ~*~*~tactically~*~*~ (stealth).
  2481 | D:3      | Found a blossoming altar of Fedhas.
  2502 | D:3      | Reached skill level 1 in Dodging
  2756 | D:3      | 2756 ||| READING scroll of enchant armour.
  2756 | D:3      | 2756 ||| ENCHANTING +0 cloak.
  2857 | D:3      | Noticed qw's ghost (amateur GrFi)
  2876 | D:3      | Found a transporter.
  2879 | D:3      | Found a transporter.
  2910 | D:3      | Reached skill level 6 in Axes
  2972 | D:3      | Found a broken altar of Ashenzari.
  2972 | D:3      | Found a basalt altar of Yredelemnul.
  2972 | D:3      | Found a stormy altar of Qazlal.
  3075 | D:3      | 3075 ||| UPGRADING to +0 pair of gloves.
  3080 | D:3      | 3080 ||| DROPPING amulet of magic regeneration.
  3081 | D:3      | 3081 ||| UPGRADING to +1 ring of protection.
  3082 | D:3      | 3082 ||| DROPPING ring of wizardry.
  3083 | D:3      | 3083 ||| READING scroll labelled GIDEGA FEDDOFI.
  3084 | D:3      | 3084 ||| READING scroll labelled MAOSMUO GETEALOA.
  3085 | D:3      | 3085 ||| READING scroll labelled LEUNEPS UTZO.
  3147 | D:3      | 3147 ||| DRINKING 3 red potions.
  3148 | D:3      | 3148 ||| DRINKING 3 amethyst potions.
  3254 | D:3      | 3254 ||| READING 3 scrolls of identify.
  3254 | D:3      | 3254 ||| IDENTIFYING fuming yellow potion
  3255 | D:3      | 3255 ||| READING 2 scrolls of identify.
  3255 | D:3      | 3255 ||| IDENTIFYING fizzy silvery potion
  3256 | D:3      | 3256 ||| DROPPING potion of degeneration.
  3257 | D:3      | 3257 ||| DROPPING 2 potions of berserk rage.
  3322 | D:4      | Reached XP level 7. HP: 43/43 MP: 7/7
  3359 | D:4      | 3359 ||| Stepping ~*~*~tactically~*~*~ (hiding).
  3531 | D:4      | 3531 ||| Stepping ~*~*~tactically~*~*~ (stealth).
  3614 | D:4      | Noticed Blork the orc
  3624 | D:4      | Killed Blork the orc
  3713 | D:4      | Found a staircase to the Ecumenical Temple.
  3714 | D:4      | 3714 ||| PLANNING TEMPLE
  3714 | D:4      | 3714 ||| UPGRADING to +0 chain mail.
  3724 | D:4      | 3724 ||| DROPPING +0 scale mail.
  3725 | D:4      | 3725 ||| READING scroll labelled KIMOTEA ZUGHI.
  3726 | D:4      | 3726 ||| READING 2 scrolls of identify.
  3726 | D:4      | 3726 ||| IDENTIFYING fuming purple potion
  3736 | Temple   | Entered the Ecumenical Temple
  3765 | Temple   | 3765 ||| PLANNING OKAWARU WORSHIP
  4039 | Temple   | Became a worshipper of Warmaster Okawaru
  4040 | Temple   | 4040 ||| PLANNING D:1-11
  4128 | D:4      | Reached skill level 7 in Axes
  4178 | D:5      | Entered Level 5 of the Dungeon
  4289 | D:5      | 4289 ||| Stepping ~*~*~tactically~*~*~ (hiding).
  4298 | D:5      | Reached XP level 8. HP: 40/49 MP: 8/8
  4298 | D:5      | 4298 ||| FLEEEEING.
  4300 | D:5      | 4300 ||| FLEEEEING.
  4301 | D:5      | 4301 ||| FLEEEEING.
  4302 | D:5      | 4302 ||| FLEEEEING.
  4303 | D:5      | 4303 ||| FLEEEEING.
  4304 | D:5      | 4304 ||| FLEEEEING.
  4305 | D:5      | 4305 ||| FLEEEEING.
  4306 | D:5      | 4306 ||| FLEEEEING.
  4307 | D:5      | 4307 ||| FLEEEEING.
  4308 | D:5      | 4308 ||| FLEEEEING.
  4309 | D:5      | 4309 ||| FLEEEEING.
  4310 | D:5      | 4310 ||| FLEEEEING.
  4311 | D:5      | 4311 ||| FLEEEEING.
  4312 | D:5      | 4312 ||| FLEEEEING.
  4313 | D:5      | 4313 ||| FLEEEEING.
  4314 | D:5      | 4314 ||| FLEEEEING.
  4315 | D:5      | 4315 ||| FLEEEEING.
  4316 | D:5      | 4316 ||| STAIRDANCE
  4354 | D:5      | 4354 ||| READING scroll of enchant armour.
  4354 | D:5      | 4354 ||| ENCHANTING +0 pair of gloves.
  4366 | D:5      | Reached * piety under Okawaru
  4367 | D:5      | Reached skill level 1 in Throwing
  4392 | D:5      | Reached skill level 1 in Invocations
  4431 | D:5      | Noticed Duvessa
  4431 | D:5      | Noticed Dowan
  4432 | D:5      | 4432 ||| INVOKING Heroism.
  4445 | D:5      | 4445 ||| INVOKING Heroism.
  4446 | D:5      | Killed Duvessa
  4448 | D:5      | Killed Dowan
  4490 | D:5      | 4490 ||| Stepping ~*~*~tactically~*~*~ (stealth).
  4493 | D:5      | 4493 ||| Stepping ~*~*~tactically~*~*~ (stealth).
  4494 | D:5      | 4494 ||| INVOKING Heroism.
  4504 | D:5      | Reached skill level 3 in Invocations
  4562 | D:5      | 4562 ||| INVOKING Heroism.
  4704 | D:5      | 4704 ||| Stepping ~*~*~tactically~*~*~ (stealth).
  4705 | D:5      | 4705 ||| Stepping ~*~*~tactically~*~*~ (stealth).
  4710 | D:5      | 4710 ||| Stepping ~*~*~tactically~*~*~ (stealth).
  4716 | D:5      | 4716 ||| Stepping ~*~*~tactically~*~*~ (stealth).
  4717 | D:5      | 4717 ||| Stepping ~*~*~tactically~*~*~ (stealth).
  4786 | D:5      | 4786 ||| INVOKING Heroism.
  5026 | D:5      | 5026 ||| READING scroll labelled PARRAE UQOTIE.
  5080 | D:6      | 5080 ||| PLANNING OSSUARY
  5088 | D:6      | Reached skill level 8 in Axes
  5254 | D:6      | Found Viasub's Antique Armour Boutique.
  5290 | D:6      | 5290 ||| READING scroll of enchant armour.
  5290 | D:6      | 5290 ||| ENCHANTING +1 pair of gloves.
  5294 | D:6      | 5294 ||| INVOKING Heroism.
  5306 | D:6      | Reached skill level 6 in Fighting
  5306 | D:6      | Reached XP level 9. HP: 31/56 MP: 10/12
  5309 | D:6      | Noticed a troll
  5310 | D:6      | 5310 ||| Stepping ~*~*~tactically~*~*~ (stealth).
  5316 | D:6      | 5316 ||| INVOKING Heroism.
  5321 | D:6      | Killed a troll
  5321 | D:6      | Reached ** piety under Okawaru
  5561 | D:6      | 5561 ||| INVOKING Heroism.
  5739 | D:6      | 5739 ||| INVOKING Heroism.
  5746 | D:6      | 5746 ||| Stepping ~*~*~tactically~*~*~ (stealth).
  5750 | D:6      | Reached skill level 9 in Axes
  5766 | D:6      | 5766 ||| Stepping ~*~*~tactically~*~*~ (stealth).
  5818 | D:6      | 5818 ||| Stepping ~*~*~tactically~*~*~ (stealth).
  5819 | D:6      | 5819 ||| Stepping ~*~*~tactically~*~*~ (stealth).
  5820 | D:6      | 5820 ||| Stepping ~*~*~tactically~*~*~ (stealth).
  5823 | D:6      | 5823 ||| FLEEEEING.
  5827 | D:6      | 5827 ||| FLEEEEING.
  5828 | D:6      | 5828 ||| FLEEEEING.
  5829 | D:6      | 5829 ||| FLEEEEING.
  5830 | D:6      | 5830 ||| FLEEEEING.
  5834 | D:6      | 5834 ||| FLEEEEING.
  5835 | D:6      | 5835 ||| FLEEEEING.
  5840 | D:6      | 5840 ||| FLEEEEING.
  5841 | D:6      | 5841 ||| FLEEEEING.
  5842 | D:6      | 5842 ||| FLEEEEING.
  5843 | D:6      | 5843 ||| FLEEEEING.
  5844 | D:6      | 5844 ||| FLEEEEING.
  5845 | D:6      | 5845 ||| FLEEEEING.
  5846 | D:6      | 5846 ||| FLEEEEING.
  5847 | D:6      | 5847 ||| FLEEEEING.
  5848 | D:6      | 5848 ||| FLEEEEING.
  5849 | D:6      | 5849 ||| FLEEEEING.
  5855 | D:6      | 5855 ||| STAIRDANCE
  5940 | D:5      | 5940 ||| RIP OSSUARY
  5940 | D:5      | 5940 ||| PLANNING D:1-11
  5940 | D:5      | 5940 ||| UPGRADING to +0 plate armour.
  5950 | D:5      | 5950 ||| DROPPING +0 chain mail.
  5951 | D:5      | 5951 ||| UPGRADING to ring of protection from fire.
  5952 | D:5      | 5952 ||| READING scroll labelled ZUBAXOBEAGI.
  5953 | D:5      | 5953 ||| READING 2 scrolls of identify.
  5953 | D:5      | 5953 ||| IDENTIFYING bubbling clear potion
  5955 | D:6      | 5955 ||| RIP OSSUARY
  5957 | D:6      | 5957 ||| INVOKING Heroism.
  6064 | D:6      | 6064 ||| DRINKING 3 potions of curing.
  6064 | D:6      | 6064 ||| (to cure confusion)
  6084 | D:6      | 6084 ||| FLEEEEING.
  6085 | D:6      | 6085 ||| FLEEEEING.
  6086 | D:6      | 6086 ||| FLEEEEING.
  6087 | D:6      | 6087 ||| FLEEEEING.
  6088 | D:6      | 6088 ||| FLEEEEING.
  6089 | D:6      | 6089 ||| FLEEEEING.
  6090 | D:6      | 6090 ||| FLEEEEING.
  6091 | D:6      | 6091 ||| FLEEEEING.
  6092 | D:6      | 6092 ||| FLEEEEING.
  6093 | D:6      | 6093 ||| FLEEEEING.
  6094 | D:6      | 6094 ||| FLEEEEING.
  6095 | D:6      | 6095 ||| FLEEEEING.
  6096 | D:6      | 6096 ||| FLEEEEING.
  6097 | D:6      | 6097 ||| FLEEEEING.
  6098 | D:6      | 6098 ||| FLEEEEING.
  6099 | D:6      | 6099 ||| FLEEEEING.
  6100 | D:6      | 6100 ||| FLEEEEING.
  6101 | D:6      | 6101 ||| FLEEEEING.
  6102 | D:6      | 6102 ||| FLEEEEING.
  6103 | D:6      | 6103 ||| STAIRDANCE
  6185 | D:6      | 6185 ||| INVOKING Heroism.
  6507 | D:6      | 6507 ||| INVOKING Heroism.
  6661 | D:6      | 6661 ||| READING scroll labelled RIOT SINOAMOU.
  6661 | D:6      | Identified a scroll of acquirement
  6661 | D:6      | 6661 ||| ACQUIRING +2 hat of willpower
  6661 | D:6      | Acquired a +2 hat of willpower
  6663 | D:6      | 6663 ||| UPGRADING to +2 hat of willpower.
  6731 | D:7      | Reached skill level 6 in Armour
  6847 | D:7      | Found Houm's Overcharged Wands.
  6858 | D:7      | Noticed Maggie
  6867 | D:7      | 6867 ||| INVOKING Heroism.
  6872 | D:7      | Killed Maggie
  7058 | D:7      | Found a transporter.
  7088 | D:7      | Reached XP level 10. HP: 62/63 MP: 13/13
  7119 | D:7      | 7119 ||| INVOKING Heroism.
  7143 | D:7      | HP: 2/63 [wight/+4 halberd (14)]
  7149 | D:7      | HP: 1/63 [gnoll/+0 spear[a gnoll sergeant] (2)]
  7151 | D:7      | 7151 ||| INVOKING Heroism.
  7471 | D:7      | Found a transporter.
  7590 | D:7      | Found a runed translucent door.
  7591 | D:7      | Noticed Crazy Yiuf
  7766 | D:7      | Found an opulent altar of Gozag.
  8165 | D:7      | 8165 ||| DROPPING +1 pair of gloves.
  8166 | D:7      | 8166 ||| READING 2 scrolls of identify.
  8166 | D:7      | 8166 ||| IDENTIFYING fizzy coppery potion
  8237 | D:6      | 8237 ||| INVOKING Heroism.
  8246 | D:6      | Reached skill level 10 in Axes
  8259 | D:6      | 8259 ||| BUYING glowing chain mail (210 gold).
  8259 | D:6      | Bought a glowing chain mail for 210 gold pieces
  8259 | D:6      | 8259 ||| SHOPLISTING pitted acid dragon scales (1260 gold,
                  | have 39).
  8259 | D:6      | 8259 ||| SHOPLISTING runed cloak (210 gold, have 39).
  8259 | D:6      | 8259 ||| SHOPLISTING runed hat (196 gold, have 39).
  8259 | D:6      | 8259 ||| DROPPING +1 chain mail of positive energy.
  8276 | D:8      | 8276 ||| INVOKING Heroism.
  8281 | D:8      | 8281 ||| STAIRDANCE
  8389 | D:8      | 8389 ||| STAIRDANCE
  8497 | D:8      | 8497 ||| STAIRDANCE
  8592 | D:8      | 8592 ||| STAIRDANCE
  8681 | D:8      | 8681 ||| INVOKING Heroism.
  8700 | D:8      | 8700 ||| INVOKING Heroism.
  8757 | D:8      | 8757 ||| FLEEEEING.
  8761 | D:8      | 8761 ||| STAIRDANCE
  8984 | D:8      | Found a radiant altar of Vehumet.
  8999 | D:8      | 8999 ||| INVOKING Heroism.
  9110 | D:8      | Noticed Grum
  9111 | D:8      | 9111 ||| Stepping ~*~*~tactically~*~*~ (stealth).
  9115 | D:8      | 9115 ||| INVOKING Heroism.
  9116 | D:8      | Reached *** piety under Okawaru
  9123 | D:8      | Killed Grum
  9144 | D:8      | 9144 ||| Stepping ~*~*~tactically~*~*~ (stealth).
  9146 | D:8      | 9146 ||| Stepping ~*~*~tactically~*~*~ (hiding).
  9147 | D:8      | 9147 ||| Stepping ~*~*~tactically~*~*~ (hiding).
  9147 | D:8      | Found a glowing golden altar of the Shining One.
  9463 | D:8      | Noticed Joseph
  9464 | D:8      | 9464 ||| Stepping ~*~*~tactically~*~*~ (hiding).
  9474 | D:8      | 9474 ||| INVOKING Heroism.
  9476 | D:8      | Killed Joseph
  9610 | D:8      | 9610 ||| UPGRADING to +0 kite shield.
  9620 | D:8      | 9620 ||| DROPPING +0 buckler.
  9621 | D:8      | 9621 ||| READING scroll labelled XOTRON GIHUJ.
  9625 | D:8      | 9625 ||| READING scroll labelled AGUMYO NYITU.
  9626 | D:8      | 9626 ||| DRINKING 3 purple potions.
  9821 | D:9      | 9821 ||| Stepping ~*~*~tactically~*~*~ (stealth).
  9823 | D:9      | 9823 ||| INVOKING Heroism.
  9932 | D:9      | 9932 ||| Stepping ~*~*~tactically~*~*~ (stealth).
  9933 | D:9      | 9933 ||| Stepping ~*~*~tactically~*~*~ (stealth).
  9939 | D:9      | 9939 ||| INVOKING Heroism.
  9941 | D:9      | Reached skill level 6 in Shields
  9946 | D:9      | Reached **** piety under Okawaru
  9963 | D:9      | Reached XP level 11. HP: 60/68 MP: 14/14
 10237 | D:9      | 10237 ||| INVOKING Heroism.
 10505 | D:9      | 10505 ||| UPGRADING to +6 ring of strength.
 10507 | D:9      | 10507 ||| READING 2 scrolls of identify.
 10507 | D:9      | 10507 ||| IDENTIFYING golden potion
 10516 | D:10     | Entered Level 10 of the Dungeon
 10557 | D:10     | Noticed Gastronok
 10558 | D:10     | 10558 ||| Stepping ~*~*~tactically~*~*~ (hiding).
 10567 | D:10     | 10567 ||| INVOKING Heroism.
 10577 | D:10     | Killed Gastronok
 10577 | D:10     | Reached ***** piety under Okawaru
 10578 | D:10     | Reached skill level 6 in Invocations
 10643 | D:10     | Found a runed translucent door.
 10643 | D:10     | Noticed an ogre mage
 10644 | D:10     | 10644 ||| INVOKING Heroism.
 10644 | D:10     | Paralysed by an ogre mage for 4 turns
 10651 | D:10     | Killed an ogre mage
 10687 | D:10     | 10687 ||| INVOKING Heroism.
 10713 | D:10     | Noticed Harold
 10719 | D:10     | Noticed a two-headed ogre
 10728 | D:10     | 10728 ||| INVOKING Heroism.
 10730 | D:10     | Killed Harold
 10731 | D:10     | Reached skill level 9 in Shields
 10731 | D:10     | Killed a two-headed ogre
 10907 | D:10     | 10907 ||| Stepping ~*~*~tactically~*~*~ (stealth).
 10909 | D:10     | 10909 ||| Stepping ~*~*~tactically~*~*~ (stealth).
 10913 | D:10     | 10913 ||| INVOKING Heroism.
 11002 | D:10     | Reached skill level 11 in Axes
 11039 | D:10     | 11039 ||| READING scroll of brand weapon.
 11039 | D:10     | 11039 ||| BRANDING +1 war axe of flaming.
 11048 | D:10     | Found a staircase to the Lair.
 11051 | D:10     | 11051 ||| INVOKING Heroism.
 11066 | D:10     | 11066 ||| INVOKING Heroism.
 11211 | D:10     | 11211 ||| INVOKING Heroism.
 11500 | D:10     | 11500 ||| INVOKING Heroism.
 11504 | D:10     | 11504 ||| Stepping ~*~*~tactically~*~*~ (water).
 11682 | D:10     | Noticed a boulder beetle
 11685 | D:10     | 11685 ||| PLANNING LAIR
 11685 | D:10     | 11685 ||| READING 2 scrolls of identify.
 11685 | D:10     | 11685 ||| IDENTIFYING inky potion
 11762 | Lair:1   | Entered Level 1 of the Lair of Beasts
 11763 | Lair:1   | 11763 ||| INVOKING Heroism.
 11794 | Lair:1   | Reached XP level 12. HP: 73/73 MP: 18/18
 11811 | Lair:1   | Reached skill level 9 in Invocations
 11979 | Lair:1   | Found a burning altar of Makhleb.
 12144 | Lair:1   | 12144 ||| INVOKING Heroism.
 12145 | Lair:1   | 12145 ||| Stepping ~*~*~tactically~*~*~ (stealth).
 12161 | Lair:1   | Reached ****** piety under Okawaru
 12179 | Lair:1   | 12179 ||| Stepping ~*~*~tactically~*~*~ (stealth).
 12290 | Lair:1   | 12290 ||| INVOKING Heroism.
 12319 | Lair:1   | 12319 ||| Stepping ~*~*~tactically~*~*~ (stealth).
 12335 | Lair:1   | 12335 ||| INVOKING Heroism.
 12458 | Lair:1   | 12458 ||| INVOKING Heroism.
 12500 | Lair:1   | 12500 ||| INVOKING Heroism.
 12810 | Lair:1   | 12810 ||| Stepping ~*~*~tactically~*~*~ (hiding).
 12816 | Lair:1   | 12816 ||| INVOKING Heroism.
 12821 | Lair:1   | Reached skill level 9 in Fighting
 13080 | Lair:1   | 13080 ||| Stepping ~*~*~tactically~*~*~ (stealth).
 13082 | Lair:1   | 13082 ||| Stepping ~*~*~tactically~*~*~ (stealth).
 13084 | Lair:1   | 13084 ||| Stepping ~*~*~tactically~*~*~ (hiding).
 13088 | Lair:1   | 13088 ||| INVOKING Heroism.
 13369 | Lair:1   | 13369 ||| READING 2 scrolls labelled NEUMEWK KEITAF.
 13370 | Lair:1   | 13370 ||| READING scroll labelled WEV USAELOEL.
 13371 | Lair:1   | 13371 ||| READING 3 scrolls of identify.
 13371 | Lair:1   | 13371 ||| IDENTIFYING cyan potion
 13372 | Lair:1   | 13372 ||| DROPPING scroll of noise.
 13373 | Lair:1   | 13373 ||| DROPPING potion of flight.
 13404 | Lair:2   | 13404 ||| INVOKING Heroism.
 13448 | Lair:2   | Noticed a death yak
 13449 | Lair:2   | 13449 ||| INVOKING Finesse.
 13455 | Lair:2   | 13455 ||| INVOKING Heroism.
 13456 | Lair:2   | Noticed a death yak
 13459 | Lair:2   | Noticed a death yak
 13459 | Lair:2   | Noticed a death yak
 13470 | Lair:2   | Killed a death yak
 13474 | Lair:2   | Noticed a death yak
 13482 | Lair:2   | Killed a death yak
 13488 | Lair:2   | Killed a death yak
 13493 | Lair:2   | Killed a death yak
 13494 | Lair:2   | Reached skill level 12 in Axes
 13495 | Lair:2   | Killed a death yak
 13756 | Lair:2   | Reached skill level 9 in Armour
 13848 | Lair:2   | Identified the +0 pair of gloves of Dust Devil {Dex+4}
                  | (Okawaru gifted it to you on level 2 of the Lair of Beasts)
 13848 | Lair:2   | Received a gift from Okawaru
 13861 | Lair:2   | 13861 ||| Stepping ~*~*~tactically~*~*~ (stealth).
 13867 | Lair:2   | 13867 ||| INVOKING Heroism.
 13890 | Lair:2   | Reached XP level 13. HP: 67/80 MP: 20/20
 13894 | Lair:2   | 13894 ||| INVOKING Heroism.
 14020 | Lair:2   | 14020 ||| FLEEEEING.
 14127 | Lair:2   | 14127 ||| INVOKING Heroism.
 14128 | Lair:2   | 14128 ||| INVOKING Finesse.
 14597 | Lair:2   | 14597 ||| DROPPING +0 pair of gloves of Dust Devil {Dex+4}.
 14605 | Lair:3   | Found a staircase to the Shoals.
 14678 | Lair:3   | 14678 ||| INVOKING Heroism.
 14935 | Lair:3   | 14935 ||| INVOKING Heroism.
 14936 | Lair:3   | Found a staircase to the Snake Pit.
 14965 | Lair:3   | 14965 ||| INVOKING Heroism.
 15222 | Lair:3   | 15222 ||| Stepping ~*~*~tactically~*~*~ (stealth).
 15295 | Lair:3   | 15295 ||| Stepping ~*~*~tactically~*~*~ (stealth).
 15297 | Lair:3   | 15297 ||| Stepping ~*~*~tactically~*~*~ (stealth).
 15690 | Lair:4   | 15690 ||| INVOKING Heroism.
 15832 | Lair:4   | Found a staircase to the Slime Pits.
 15880 | Lair:4   | 15880 ||| Stepping ~*~*~tactically~*~*~ (stealth).
 15885 | Lair:4   | 15885 ||| INVOKING Heroism.
 15887 | Lair:4   | 15887 ||| Stepping ~*~*~tactically~*~*~ (stealth).
 15906 | Lair:4   | Reached skill level 13 in Axes
 16469 | Lair:4   | 16469 ||| DROPPING scarf of harm.
 16506 | Lair:5   | Entered Level 5 of the Lair of Beasts
 16518 | Lair:5   | 16518 ||| INVOKING Heroism.
 16564 | Lair:5   | 16564 ||| Stepping ~*~*~tactically~*~*~ (stealth).
 16569 | Lair:5   | 16569 ||| INVOKING Finesse.
 16577 | Lair:5   | 16577 ||| SWAPPING to +0 flail.
 16578 | Lair:5   | 16578 ||| INVOKING Heroism.
 16590 | Lair:5   | 16590 ||| SWAPPING to +1 war axe of venom.
 16604 | Lair:5   | 16604 ||| Stepping ~*~*~tactically~*~*~ (stealth).
 16615 | Lair:5   | 16615 ||| Stepping ~*~*~tactically~*~*~ (stealth).
 16630 | Lair:5   | 16630 ||| INVOKING Heroism.
 16639 | Lair:5   | Identified the +0 fire dragon scales "Ucahy" {rF++ rC-
                  | Str+2} (Okawaru gifted it to you on level 5 of the Lair of
                  | Beasts)
 16639 | Lair:5   | Received a gift from Okawaru
 16698 | Lair:5   | 16698 ||| INVOKING Heroism.
 16737 | Lair:5   | 16737 ||| Stepping ~*~*~tactically~*~*~ (stealth).
 16799 | Lair:5   | 16799 ||| INVOKING Heroism.
 16800 | Lair:5   | 16800 ||| INVOKING Finesse.
 16813 | Lair:5   | 16813 ||| SWAPPING to +0 flail.
 16820 | Lair:5   | 16820 ||| Stepping ~*~*~tactically~*~*~ (outnumbered).
 16824 | Lair:5   | 16824 ||| Stepping ~*~*~tactically~*~*~ (outnumbered).
 16825 | Lair:5   | 16825 ||| Stepping ~*~*~tactically~*~*~ (outnumbered).
 16826 | Lair:5   | 16826 ||| Stepping ~*~*~tactically~*~*~ (outnumbered).
 16829 | Lair:5   | 16829 ||| SWAPPING to +1 war axe of venom.
 16831 | Lair:5   | 16831 ||| SWAPPING to +0 flail.
 16836 | Lair:5   | 16836 ||| Stepping ~*~*~tactically~*~*~ (outnumbered).
 16837 | Lair:5   | 16837 ||| SWAPPING to +1 war axe of venom.
 16839 | Lair:5   | 16839 ||| SWAPPING to +0 flail.
 16842 | Lair:5   | 16842 ||| Stepping ~*~*~tactically~*~*~ (outnumbered).
 16848 | Lair:5   | 16848 ||| Stepping ~*~*~tactically~*~*~ (outnumbered).
 16849 | Lair:5   | 16849 ||| Stepping ~*~*~tactically~*~*~ (outnumbered).
 16850 | Lair:5   | 16850 ||| Stepping ~*~*~tactically~*~*~ (stealth).
 16851 | Lair:5   | 16851 ||| Stepping ~*~*~tactically~*~*~ (outnumbered).
 16852 | Lair:5   | 16852 ||| Stepping ~*~*~tactically~*~*~ (outnumbered).
 16853 | Lair:5   | 16853 ||| Stepping ~*~*~tactically~*~*~ (outnumbered).
 16854 | Lair:5   | 16854 ||| Stepping ~*~*~tactically~*~*~ (outnumbered).
 16855 | Lair:5   | 16855 ||| Stepping ~*~*~tactically~*~*~ (outnumbered).
 16856 | Lair:5   | 16856 ||| Stepping ~*~*~tactically~*~*~ (outnumbered).
 16857 | Lair:5   | 16857 ||| Stepping ~*~*~tactically~*~*~ (outnumbered).
 16858 | Lair:5   | 16858 ||| Stepping ~*~*~tactically~*~*~ (outnumbered).
 16859 | Lair:5   | 16859 ||| Stepping ~*~*~tactically~*~*~ (outnumbered).
 16860 | Lair:5   | 16860 ||| Stepping ~*~*~tactically~*~*~ (stealth).
 16860 | Lair:5   | HP: 15/82 [five-headed hydra (6)]
 16861 | Lair:5   | 16861 ||| READING 2 scrolls of teleportation.
 16862 | Lair:5   | 16862 ||| DRINKING 3 potions of heal wounds.
 16871 | Lair:5   | 16871 ||| SWAPPING to +1 war axe of venom.
 16873 | Lair:5   | 16873 ||| INVOKING Heroism.
 16876 | Lair:5   | HP: 20/82 [basilisk (9)]
 16877 | Lair:5   | Reached skill level 14 in Axes
 16877 | Lair:5   | 16877 ||| READING scroll of teleportation.
 16878 | Lair:5   | 16878 ||| DRINKING 2 potions of heal wounds.
 16897 | Lair:5   | 16897 ||| Stepping ~*~*~tactically~*~*~ (stealth).
 16898 | Lair:5   | 16898 ||| INVOKING Finesse.
 16907 | Lair:5   | 16907 ||| Stepping ~*~*~tactically~*~*~ (stealth).
 16910 | Lair:5   | 16910 ||| Stepping ~*~*~tactically~*~*~ (stealth).
 16930 | Lair:5   | Gained mutation: Your large and strong wings let you fly.
                  | [Gargoyle growth]
 16930 | Lair:5   | Reached XP level 14. HP: 45/88 MP: 17/21
 17023 | Lair:5   | 17023 ||| FLEEEEING.
 17024 | Lair:5   | 17024 ||| FLEEEEING.
 17028 | Lair:5   | 17028 ||| FLEEEEING.
 17032 | Lair:5   | 17032 ||| FLEEEEING.
 17033 | Lair:5   | 17033 ||| FLEEEEING.
 17034 | Lair:5   | 17034 ||| FLEEEEING.
 17035 | Lair:5   | 17035 ||| FLEEEEING.
 17036 | Lair:5   | 17036 ||| FLEEEEING.
 17037 | Lair:5   | 17037 ||| FLEEEEING.
 17038 | Lair:5   | 17038 ||| FLEEEEING.
 17039 | Lair:5   | 17039 ||| FLEEEEING.
 17040 | Lair:5   | 17040 ||| FLEEEEING.
 17041 | Lair:5   | 17041 ||| FLEEEEING.
 17042 | Lair:5   | 17042 ||| FLEEEEING.
 17043 | Lair:5   | 17043 ||| FLEEEEING.
 17044 | Lair:5   | 17044 ||| FLEEEEING.
 17045 | Lair:5   | 17045 ||| FLEEEEING.
 17046 | Lair:5   | 17046 ||| FLEEEEING.
 17048 | Lair:5   | 17048 ||| FLEEEEING.
 17049 | Lair:5   | 17049 ||| FLEEEEING.
 17050 | Lair:5   | 17050 ||| FLEEEEING.
 17051 | Lair:5   | 17051 ||| FLEEEEING.
 17052 | Lair:5   | 17052 ||| FLEEEEING.
 17053 | Lair:5   | 17053 ||| FLEEEEING.
 17054 | Lair:5   | 17054 ||| FLEEEEING.
 17055 | Lair:5   | 17055 ||| FLEEEEING.
 17056 | Lair:5   | 17056 ||| FLEEEEING.
 17057 | Lair:5   | 17057 ||| FLEEEEING.
 17058 | Lair:5   | 17058 ||| FLEEEEING.
 17059 | Lair:5   | 17059 ||| FLEEEEING.
 17060 | Lair:5   | 17060 ||| FLEEEEING.
 17061 | Lair:5   | 17061 ||| FLEEEEING.
 17068 | Lair:5   | 17068 ||| STAIRDANCE
 17200 | Lair:5   | 17200 ||| INVOKING Heroism.
 17201 | Lair:5   | 17201 ||| INVOKING Finesse.
 17272 | Lair:5   | 17272 ||| Stepping ~*~*~tactically~*~*~ (stealth).
 17317 | Lair:5   | Reached skill level 12 in Shields
 17339 | Lair:5   | 17339 ||| INVOKING Heroism.
 17340 | Lair:5   | 17340 ||| INVOKING Finesse.
 17343 | Lair:5   | 17343 ||| SWAPPING to +0 flail.
 17358 | Lair:5   | 17358 ||| SWAPPING to +1 war axe of venom.
 17395 | Lair:5   | 17395 ||| INVOKING Finesse.
 17396 | Lair:5   | 17396 ||| INVOKING Heroism.
 17401 | Lair:5   | 17401 ||| SWAPPING to +0 flail.
 17413 | Lair:5   | 17413 ||| SWAPPING to +1 war axe of venom.
 17568 | Lair:5   | 17568 ||| Stepping ~*~*~tactically~*~*~ (stealth).
 17573 | Lair:5   | 17573 ||| INVOKING Heroism.
 17574 | Lair:5   | 17574 ||| INVOKING Finesse.
 17684 | Lair:5   | Noticed a dire elephant
 17684 | Lair:5   | Noticed a dire elephant
 17685 | Lair:5   | Noticed a dire elephant
 17686 | Lair:5   | 17686 ||| INVOKING Heroism.
 17687 | Lair:5   | 17687 ||| INVOKING Finesse.
 17871 | Lair:5   | 17871 ||| INVOKING Heroism.
 17876 | Lair:5   | 17876 ||| INVOKING Finesse.
 18015 | Lair:5   | 18015 ||| Stepping ~*~*~tactically~*~*~ (stealth).
 18031 | Lair:5   | Identified the +1 pair of boots of the Clam {Harm} (Okawaru
                  | gifted it to you on level 5 of the Lair of Beasts)
 18031 | Lair:5   | Received a gift from Okawaru
 18195 | Lair:5   | 18195 ||| INVOKING Heroism.
 18196 | Lair:5   | 18196 ||| INVOKING Finesse.
 18273 | Lair:5   | 18273 ||| FLEEEEING.
 18290 | Lair:5   | 18290 ||| FLEEEEING.
 18307 | Lair:5   | 18307 ||| INVOKING Finesse.
 18311 | Lair:5   | 18311 ||| INVOKING Heroism.
 18334 | Lair:5   | 18334 ||| FLEEEEING.
 18335 | Lair:5   | 18335 ||| FLEEEEING.
 18336 | Lair:5   | 18336 ||| FLEEEEING.
 18337 | Lair:5   | 18337 ||| FLEEEEING.
 18338 | Lair:5   | 18338 ||| FLEEEEING.
 18558 | Lair:5   | 18558 ||| INVOKING Heroism.
 18559 | Lair:5   | 18559 ||| INVOKING Finesse.
 18825 | Lair:5   | 18825 ||| Stepping ~*~*~tactically~*~*~ (hiding).
 18826 | Lair:5   | 18826 ||| INVOKING Heroism.
 18842 | Lair:5   | Killed a dire elephant
 18852 | Lair:5   | HP: 20/86 [necromancer/bolt of negative energy (11)]
 18853 | Lair:5   | 18853 ||| DRINKING 2 potions of heal wounds.
 18869 | Lair:5   | HP: 20/88 [dire elephant (21)]
 18870 | Lair:5   | 18870 ||| DRINKING potion of heal wounds.
 18875 | Lair:5   | HP: 20/90 [dire elephant (3)]
 18876 | Lair:5   | HP: 7/90 [dire elephant (13)]
 18878 | Lair:5   | Mangled by a dire elephant

Levels and vault maps discovered:
D:1:      minmay_arrival_wavy_path, layout_basic, minmay_worlds_worst_comb
D:2:      layout_basic, ebering_ecumenical_altar_petrified, serial_shops, shop,
          minmay_tromino_v2, uniq_natasha, uniq_sigmund
D:3:      layout_basic, gammafunk_temple_overflow_claw,
          mainiacjoe_overflow_alcove_4, nicolae_hepliaklqana_hazy_memory,
          fedhas_altar_1, gammafunk_ghost_arena, nicolae_shop_unique_rings
D:4:      layout_gridville, minmay_temple_entry_poolview, uniq_blork_the_orc
D:5:      layout_rooms, hex_tiny, minmay_manual_macuahuitl, uniq_duvessa
D:6:      minmay_cornered_nines, layout_loops_corners, serial_shops,
          nicolae_take_the_stairs, enter_ossuary_4
D:7:      gammafunk_cloud_chamber, layout_layer_cave,
          nicolae_gozag_seed_capital, minmay_misc_feat_tower,
          nicolae_shop_overcharged_wands, uniq_maggie, uniq_crazy_yiuf_cottage
D:8:      layout_rooms, nicolae_vehumet_radiance, mainiacjoe_overflow_boulevard,
          uniq_joseph, uniq_grum
D:9:      layout_basic
D:10:     layout_irregular_city, david_lair_shrubbed, enter_bailey_4,
          minivault_13, uniq_harold, uniq_gastronok
Temple:   oiseaux_autumnal_temple
Lair:1:   beast_lair_carwin_large_1, layout_cave_pods, basic_altar
Lair:2:   layout_roguey, nicolae_lair_grove_arrangements
Lair:3:   layout_loops_ring, elwin_shoals_entry_rocks,
          minmay_snake_entry_guardpost_large, lemuel_fruit_fields,
          infiniplex_staircase_pool_2
Lair:4:   layout_cave_pods, slime_entry_1, roderic_carrion_pond
Lair:5:   due_jungle_book, layout_gridlike, chequers_serial_rivers_small_a,
          serial_bayou_crossing

Skill      XL: |  1  2  3  4  5  6  7  8  9 10 11 12 13 14 |
---------------+-------------------------------------------+-----
Axes           | 2 3 4 5 6 7 8 9 10 11 12 14 | 14.9
Fighting       | 4 5 6 7 8 9 10 11 | 11.0
Dodging        | 1 2 |  2.1
Armour         | 4 6 7 9 10 | 10.0
Throwing       | 1 2 |  2.1
Invocations    | 4 8 10 | 10.0
Shields        | 4 7 9 10 11 12 | 12.0

Action                   |  1- 3 |  4- 6 |  7- 9 | 10-12 | 13-15 || total
-------------------------+-------+-------+-------+-------+-------++-------
Melee: War axe           |    84 |   106 |   274 |   546 |   604 ||  1614
       Flail             |       |       |       |       |    62 ||    62
Throw: Boomerang         |       |    18 |    63 |    81 |   106 ||   268
Invok: Heroism           |       |       |    13 |    32 |    23 ||    68
       Finesse           |       |       |       |     1 |    13 ||    14
  Use: Scroll            |     2 |    10 |     8 |     9 |     2 ||    31
       Potion            |       |     2 |     1 |     1 |     4 ||     8
 Stab: Petrified         |       |       |       |       |     5 ||     5
       Petrifying        |       |       |       |       |     2 ||     2
Armor: Scale mail        |    38 |    63 |    14 |       |       ||   115
       Chain mail        |       |       |   102 |       |       ||   102
       Plate armour      |       |       |    64 |   298 |   310 ||   672
Dodge: Dodged            |    34 |    25 |    68 |   175 |   127 ||   429
Block: Buckler           |    13 |    15 |    46 |    43 |       ||   117
       Kite shield       |       |       |       |   191 |   307 ||   498

Table legend:
 A = Non-vault XP
 B = Vault XP
 C = Vault XP percentage of total XP
 D = Non-vault monster count
 E = Vault monster count
 F = Vault count percentage of total count
                 A         B        C        D         E       F
            +---------+---------+-------+---------+---------+-------
      Total |   55304 |   14416 |  20.7 |     347 |      67 |  16.2
            +---------+---------+-------+---------+---------+-------
        D:1 |      40 |      13 |  24.5 |      20 |       5 |  20.0
        D:2 |     116 |     263 |  69.4 |      15 |       3 |  16.7
        D:3 |     135 |       0 |   0.0 |      17 |       0 |   0.0
        D:4 |     244 |      91 |  27.2 |      25 |       1 |   3.8
        D:5 |     809 |     425 |  34.4 |      15 |       8 |  34.8
        D:6 |     992 |     631 |  38.9 |      27 |       5 |  15.6
        D:7 |    1718 |     395 |  18.7 |      26 |       1 |   3.7
        D:8 |     929 |     993 |  51.7 |      19 |       5 |  20.8
        D:9 |    2721 |       0 |   0.0 |      18 |       0 |   0.0
       D:10 |    3121 |    3579 |  53.4 |      22 |       9 |  29.0
     Lair:1 |    5984 |    1504 |  20.1 |      25 |      10 |  28.6
     Lair:2 |    9575 |       0 |   0.0 |      34 |       0 |   0.0
     Lair:3 |    2410 |     953 |  28.3 |       7 |       6 |  46.2
     Lair:4 |    3053 |     513 |  14.4 |      11 |       6 |  35.3
     Lair:5 |   23457 |    5056 |  17.7 |      66 |       8 |  10.8
            +---------+---------+-------+---------+---------+-------
